 Dungeon Crawl Stone Soup version 0.29-a0-648-g6b26cc9 (webtiles) character file.

Game seed: 4611796029122071557

3711 Dawnplanks the Grappler (level 9, -1/83 HPs)
             Began as a Troll Gladiator on June 20, 2022.
             Slain by a gnoll
             ... wielding a +0 halberd
             ... led by a gnoll sergeant
              (8 damage)
             ... on level 8 of the Dungeon.
             The game lasted 00:10:59 (5541 turns).

Dawnplanks the Grappler (Troll Gladiator)           Turns: 5541, Time: 00:11:00

Health: -1/83      AC:  5    Str: 28    XL:     9   Next: 91%
Magic:  8/8        EV: 11    Int:  4    God:
Gold:   250        SH:  0    Dex: 11    Spells: 8/8 levels left

rFire   + . .      SeeInvis .     - Unarmed
rCold   . . .      Faith    .   (no shield)
rNeg    + . .      Spirit   .   a - +0 robe
rPois   .          Reflect  .   b - +0 hat
rElec   .          Harm     .   i - +0 cloak
rCorr   +          Rampage  .   (gloves unavailable)
Will    .....                   (boots unavailable)
Stlth   +.........              B - amulet of magic regeneration
HPRegen 1.03/turn               k - ring of positive energy
MPRegen 0.51/turn               m - ring of resist corrosion

@: no status effects
A: large, unfitting armour, claws 3, regeneration 1, shaggy fur 1, tough skin 1,
hooves 1, fire resistance 1
a: no special abilities


You were on level 8 of the Dungeon.
You visited 2 branches of the dungeon, and saw 9 of its levels.

You collected 250 gold pieces.

Inventory:

Missiles
 d - a large rock
 h - 2 boomerangs (quivered)
 o - 4 silver javelins
Armour
 a - a +0 robe (worn)
 b - a +0 hat (worn)
 i - a +0 cloak (worn)
Jewellery
 k - a ring of positive energy (left claw)
 m - a ring of resist corrosion (right claw)
 A - a ring of positive energy
 B - an amulet of magic regeneration (around neck)
Wands
 w - a wand of paralysis (11)
 y - a wand of polymorph (12)
Scrolls
 c - a scroll of summoning {unknown}
 e - 3 scrolls of silence {unknown}
 f - 2 scrolls of fear {unknown}
 g - a scroll of fog {unknown}
 j - a scroll of teleportation {unknown}
 l - a scroll of immolation {unknown}
 p - a scroll of magic mapping
 r - 2 scrolls of enchant weapon {unknown}
 s - 3 scrolls of enchant armour {unknown}
 x - a scroll of blinking {unknown}
Potions
 n - a potion of mutation
 q - 3 potions of cancellation
 u - 2 potions of ambrosia
 v - 2 potions of curing
 z - a potion of might
 C - 2 potions of brilliance {unknown}
 D - a potion of attraction {unknown}


   Skills:
 + Level 3.3 Fighting
 + Level 3.4 Throwing
 + Level 5.1 Dodging
 - Level 0.7 Stealth
 * Level 12.4 Unarmed Combat


You had 8 spell levels left.
You didn't know any spells.
Your spell library contained the following spells:

 Spells                   Type           Power      Damage    Failure   Level
 Beastly Appendage        Tmut           0%         N/A       50%         1
 Wereblood                Tmut           0%         N/A       65%         2
 Spider Form              Tmut/Pois      0%         N/A       86%         3


Dungeon Overview and Level Annotations

Branches:
Dungeon (8/15)             Temple (1/1) D:5            Lair (0/6) D:8

Altars:
Ashenzari
Cheibriados
Elyvilon
Fedhas
Gozag
Hepliaklqana
Kikubaaqudgha
Makhleb
Nemelex Xobeh
Okawaru
Qazlal
Ru
Sif Muna
Trog
Uskayaw
Vehumet
Wu Jian
Xom
Yredelemnul
Zin
The Shining One

Shops:
D:3 (


Innate Abilities, Weirdness & Mutations

You are too large for most types of armour.
You have claws for hands.
Your natural rate of healing is unusually fast.
You are covered in fur. (AC +1)
You have tough skin. (AC +1)
You have large cloven feet.
Your flesh is heat resistant. (rF+)


Message History

The gnoll sergeant is heavily wounded.
The white imp hits you. The white imp freezes you. The gnoll barely misses you.
The gnoll hits you from afar with a +0 spear.
The gnoll sergeant hits you with a +0 spear of flaming.
You claw the gnoll sergeant!
You kick the gnoll sergeant, but do no damage.
The gnoll sergeant is severely wounded.
The white imp barely misses you. The gnoll barely misses you.
The gnoll hits you but does no damage.
You barely miss the gnoll sergeant.
You kick the gnoll sergeant, but do no damage.
The gnoll sergeant is severely wounded.
The white imp barely misses you. The gnoll barely misses you. x2
The gnoll sergeant hits you with a +0 spear of flaming.
You scratch the gnoll sergeant but do no damage.
The gnoll sergeant is severely wounded.
You barely miss the gnoll sergeant. Your kick misses the gnoll sergeant.
The gnoll sergeant is severely wounded.
The white imp barely misses you. The gnoll barely misses you.
The gnoll completely misses you. The gnoll sergeant closely misses you.
The gnoll sergeant blocks your attack. x2; Your claw misses the gnoll sergeant.
The gnoll sergeant is severely wounded.
The white imp closely misses you.
The gnoll hits you from afar with a +0 halberd!
The gnoll hits you from afar with a +0 spear.
The gnoll sergeant hits you with a +0 spear of flaming!
The gnoll sergeant burns you. The gnoll sergeant blocks your attack.
Your kick misses the gnoll sergeant.
The gnoll sergeant is severely wounded.
The gnoll sergeant hits you with a +0 spear of flaming!
* * * LOW HITPOINT WARNING * * *
The white imp gestures at you. The puff of frost hits you!
* * * LOW HITPOINT WARNING * * *
The gnoll hits you from afar with a +0 halberd!
* * * LOW HITPOINT WARNING * * *
The gnoll closely misses you. The white imp attacks as you move away!
The white imp barely misses you.
The gnoll hits you from afar with a +0 halberd!
You die...

.. #. #. #.
###.###
###...g.### ##
##.........##...
.#.?...g5.P..#.#
........@.gP...#
.......>.)..:..#
#..P.......P..##
#..P.....P..##
##.........##
###...†.######
###.<........
#..#########
#.....


You could see a gnoll sergeant, 2 gnolls and a white imp.

Vanquished Creatures
  The ghost of Caerwyn the Frost Mage, a novice DsIE (D:7)
  An elephant (D:8)
  A troll (D:7)
  A wyvern (D:7)
  An ice beast (D:7)
  A sky beast (D:6)
  An orc warrior (D:4)
  5 black bears
  2 centaurs (D:7)
  2 kobold brigands (D:7)
  3 bullfrogs (D:7)
  2 necrophages
  4 scorpions
  2 hounds
  7 jellies
  8 orc priests
  2 iguanas (D:5)
  3 orc wizards
  6 gnolls
  8 adders
  3 ufetubi
  4 worms
  2 dart slugs
  21 orcs
  3 ball pythons
  9 endoplasms
  3 giant cockroaches
  7 goblins
  4 hobgoblins
  10 kobolds
  3 quokkas
  7 bats
  4 frilled lizards
  2 rats
143 creatures vanquished.

Vanquished Creatures (others)
  A fungus (D:2)
  A plant (D:2)
2 creatures vanquished.

Grand Total: 145 creatures vanquished

Notes
Turn   | Place    | Note
-------+----------+-------------------------------------------
     0 | D:1      | Dawnplanks the Troll Gladiator began the quest for the Orb.
     0 | D:1      | Reached XP level 1. HP: 19/19 MP: 0/0
   204 | D:1      | Reached XP level 2. HP: 28/28 MP: 1/1
   567 | D:1      | You fall into a shaft and drop 1 floor!
   726 | D:2      | Reached XP level 3. HP: 24/35 MP: 2/2
   957 | D:2      | Found a faded altar of an unknown god.
  1484 | D:3      | Found Ylaedodye's Antique Weapon Emporium.
  1714 | D:3      | Reached skill level 4 in Unarmed Combat
  1714 | D:3      | Reached XP level 4. HP: 42/42 MP: 3/3
  1966 | D:4      | Found a glowing silver altar of Zin.
  1967 | D:4      | Noticed a necrophage
  1974 | D:4      | Killed a necrophage
  1975 | D:4      | Reached XP level 5. HP: 49/49 MP: 4/4
  2065 | D:3      | Reached skill level 5 in Unarmed Combat
  2240 | D:4      | Noticed an orc warrior
  2258 | D:4      | Killed an orc warrior
  2259 | D:4      | Reached XP level 6. HP: 16/57 MP: 5/5
  2260 | D:4      | Reached skill level 6 in Unarmed Combat
  2366 | D:4      | Found a snail-covered altar of Cheibriados.
  2671 | D:4      | Reached XP level 7. HP: 65/65 MP: 6/6
  2706 | D:5      | Entered Level 5 of the Dungeon
  2791 | D:5      | Found a staircase to the Ecumenical Temple.
  2807 | Temple   | Entered the Ecumenical Temple
  3036 | D:5      | Reached skill level 7 in Unarmed Combat
  3390 | D:5      | Reached skill level 8 in Unarmed Combat
  3584 | D:5      | Found a sacrificial altar of Ru.
  3660 | D:6      | Reached XP level 8. HP: 60/74 MP: 7/7
  3911 | D:6      | Found a hazy altar of Hepliaklqana.
  3911 | D:6      | Found a basalt altar of Yredelemnul.
  3912 | D:6      | Found an iron altar of Okawaru.
  4103 | D:6      | Gained mutation: You sometimes lose the ability to read
                  | scrolls when taking damage. [potion of mutation]
  4104 | D:6      | Lost mutation: You sometimes lose the ability to read
                  | scrolls when taking damage. [potion of mutation]
  4104 | D:6      | Gained mutation: You have large cloven feet. [potion of
                  | mutation]
  4104 | D:6      | Gained mutation: Your flesh is heat resistant. (rF+)
                  | [potion of mutation]
  4484 | D:7      | Reached skill level 9 in Unarmed Combat
  4732 | D:7      | Found a runed translucent door.
  4735 | D:7      | Noticed Caerwyn's ghost (novice DsIE)
  4792 | D:7      | Killed Caerwyn's ghost
  4793 | D:7      | Reached skill level 10 in Unarmed Combat
  4793 | D:7      | Reached XP level 9. HP: 17/80 MP: 8/8
  4943 | D:7      | Reached skill level 11 in Unarmed Combat
  4969 | D:7      | Noticed a troll
  4983 | D:7      | Killed a troll
  5423 | D:8      | Noticed an elephant
  5423 | D:8      | Found a staircase to the Lair.
  5433 | D:7      | Reached skill level 5 in Dodging
  5470 | D:8      | Killed an elephant
  5471 | D:8      | Reached skill level 12 in Unarmed Combat
  5541 | D:8      | Slain by a gnoll

Illustrated notes

Levels and vault maps discovered:
D:1:      beargit_arrival_greenhouse, layout_basic, dk_noncrumbling_2
D:2:      layout_loops_ring, shapermc_ecumenical_altar_mp_ritualfount,
          kennysheep_boxes
D:3:      layout_loops_ring, serial_shops, nicolae_lakefront_shop
D:4:      layout_rooms, zin_academy, marbit_many_paths
D:5:      layout_gridville, nicolae_ru_awakened_eye,
          minmay_temple_entry_crystal_x
D:6:      layout_loops_ring, chequers_temple_overflow_statue_of_worship
D:7:      layout_basic, hellmonk_ghost_happy_afterlife
D:8:      layout_loops_ring, david_lair_generic, serial_ice, serial_ice_b,
          serial_ice_d, serial_ice_e, serial_ice_i, ebering_ghost_funeral_grove
Temple:   regret_index_temple_generic_petals

Skill      XL: |  1  2  3  4  5  6  7  8  9 |
---------------+----------------------------+-----
Dodging        | 3 4 5 |  5.1
Unarmed Combat | 4 5 6 8 10 12 | 12.4
Throwing       | 2 3 |  3.4
Fighting       | 2 3 |  3.3
Stealth        | |  0.7

Action                   |  1- 3 |  4- 6 |  7- 9 || total
-------------------------+-------+-------+-------++-------
Melee: Unarmed           |   108 |    78 |   195 ||   381
       Punch             |     1 |     2 |    10 ||    13
       Kick              |       |       |    26 ||    26
Throw: Javelin           |       |     2 |     6 ||     8
       Throwing net      |       |     5 |       ||     5
       Large rock        |       |     2 |     2 ||     4
       Boomerang         |       |       |    11 ||    11
  Use: Scroll            |       |       |     7 ||     7
       Potion            |       |       |     3 ||     3
 Stab: Sleeping          |     1 |       |     2 ||     3
       Distracted        |       |     1 |     1 ||     2
Armor: Robe              |    38 |    28 |    64 ||   130
       Skin              |       |       |     7 ||     7
Dodge: Dodged            |    50 |    45 |   107 ||   202

Table legend: (Time is in decaauts)
 A = Elapsed time spent in this place.
 B = Non-inter-level travel time spent in this place.
 C = Inter-level travel time spent in this place.
 D = Time resting spent in this place.
 E = Time spent auto-exploring this place.
 F = Levels seen in this place.
 G = Mean time per level.
                   A        B        C        D        E       F      G
               +--------+--------+--------+--------+--------+-----+--------+
         Total |   5503 |   5254 |    249 |    332 |   3942 |   9 |  611.4 |
       Dungeon |   5123 |   4895 |    228 |    178 |   3759 |   8 |  640.4 |
        Temple |    379 |    358 |     21 |    154 |    183 |   1 |  379.0 |
               +--------+--------+--------+--------+--------+-----+--------+

Top non-repeatable levels by time:
     D:7: 982 daAuts
     D:6: 833 daAuts
     D:4: 685 daAuts
     D:3: 684 daAuts
     D:2: 683 daAuts
     D:1: 640 daAuts
     D:5: 567 daAuts
  Temple: 379 daAuts
     D:8: 46 daAuts
